 Dungeon Crawl Stone Soup version 0.13-a0-2700-g8dc4729 (webtiles) character file.

121 M4edhros the Charlatan (level 4, 0/29 HPs)
             Began as an Octopode Artificer on Aug 15, 2013.
             Succumbed to poison (a potion of poison)
             ... on Level 2 of the Dungeon.
             The game lasted 00:01:25 (1234 turns).

M4edhros the Charlatan (Octopode Artificer)         Turns: 1234, Time: 00:01:25

HP   0/29        AC  6     Str 10      XL: 4   Next:  9%
MP   7/7         EV 12     Int 15      God:
Gold 58          SH  0     Dex 11      Spells:  0 memorised,  3 levels left

Res.Fire  : . . .   See Invis. : .   a - +0 short sword
Res.Cold  : . . .   Warding    : .   (no shield)
Life Prot.: . . .   Conserve   : .   (helmet restricted)
Res.Poison: .       Res.Corr.  : .   (no amulet)
Res.Elec. : .       Clarity    : .   (no ring)
Sust.Abil.: . .     Spirit.Shd : .   (no ring)
Res.Mut.  : .       Stasis     : .   (no ring)
Res.Rott. : .       Flight     : .   (no ring)
Saprovore : . . .                    (no ring)
                                     (no ring)
                                     (no ring)
                                     (no ring)

@: mildly poisoned, slowed, very slow, slightly resistant to hostile
enchantments, stealthy
A: almost no armour, amphibious, 8 rings, constrict 8, camouflage 1, slow
metabolism 1, AC +6, Dex -1
a: no special abilities


You were on level 2 of the Dungeon.
You were not hungry.

You visited 1 branch of the dungeon, and saw 2 of its levels.

You collected 38 gold pieces.

Inventory:

Hand weapons
 a - a +0,+0 short sword (weapon)
Magical devices
 b - a wand of flame (15)
 c - a wand of enslavement (15)
 d - a wand of random effects (15)
 p - a wand of frost (5)
Comestibles
 f - a bread ration
 g - a pear
 m - 11 sultanas
 o - a rotting chunk of adder flesh
Scrolls
 k - a scroll of enchant weapon II {unknown}
 l - a scroll of amnesia {unknown}
 n - a scroll of curse armour {unknown}
 q - 3 scrolls of teleportation {unknown}


   Skills:
 - Level 1.0 Fighting
 - Level 1.0 Short Blades
 - Level 2.0 Dodging
 - Level 1.3 Stealth
 + Level 5.6 Evocations


You had 3 spell levels left.
You didn't know any spells.

Dungeon Overview and Level Annotations

Branches:
Dungeon (2/27)

Altars:


Innate Abilities, Weirdness & Mutations

You cannot wear most types of armour.
You are amphibious.
You can wear up to eight rings at the same time.
You can use your tentacles to constrict many enemies at once.
Your skin changes colour to match your surroundings (Stlth).
Your rubbery body absorbs attacks (AC +1).
You are partially covered in icy blue scales (AC +1).
You are partially covered in rough black scales (AC +4, Dex -1).
You have a slow metabolism.


Message History

You feel sick.
You can move again.
Drink which item? (? for menu, Esc to quit)
You feel yourself slow down.
It was a potion of slowing.
* * * LOW HITPOINT WARNING * * *
You feel sick.
You start resting.
* * * LOW HITPOINT WARNING * * *
You feel sick.
You start resting.
* * * LOW HITPOINT WARNING * * *
You feel sick.
You feel a little better.
You start resting.
* * * LOW HITPOINT WARNING * * *
You feel sick.
You feel a little better.
There are no items here.
You aren't carrying any potions.
You die...

##.....## #.##
##...## #.# ##'##
#.##### #.# #.....#
#.# #.....# ##.##
#.....# ##...##
#.....#
#.....######.....#
####...###...###@###
#............<##.#
..#######........# #
#.....#### ##...##
#####


There were no monsters in sight!

Vanquished Creatures
  Terence (D:2)
  3 adders (D:2)
  A giant gecko (D:2)
  3 bats
  2 giant cockroaches (D:2)
  2 hobgoblins
  3 kobolds
  A quokka (D:2)
  2 goblins
  2 jackals (D:2)
  2 rats
22 creatures vanquished.

Notes
Turn   | Place    | Note
--------------------------------------------------------------
     0 | D:1      | M4edhros, the Octopode Artificer, began the quest for the Orb.
     0 | D:1      | Reached XP level 1. HP: 14/14 MP: 1/1
   449 | D:1      | Reached skill level 4 in Evocations
   449 | D:1      | Reached XP level 2. HP: 12/19 MP: 3/3
   863 | D:2      | Reached XP level 3. HP: 24/24 MP: 5/5
   917 | D:2      | Noticed Terence
   924 | D:2      | Killed Terence
   924 | D:2      | Reached skill level 5 in Evocations
  1212 | D:2      | Reached XP level 4. HP: 12/29 MP: 7/7
  1214 | D:2      | Gained mutation: You are partially covered in rough black scales (AC +4, Dex -1). [potion of mutation]
  1214 | D:2      | Gained mutation: You have a slow metabolism. [potion of mutation]
  1214 | D:2      | Gained mutation: You are partially covered in icy blue scales (AC +1). [potion of mutation]
  1226 | D:2      | Paralysed by a potion of paralysis for 3 turns
  1232 | D:2      | HP: 1/29 [poison (a potion of poison)]
  1234 | D:2      | Succumbed to poison (a potion of poison)

Action                   |  1- 3 |  4- 6 || total
-------------------------+-------+-------++-------
Melee: Short sword       |    61 |       ||    61
  Use: Potion            |       |     5 ||     5
